 Dungeon Crawl Stone Soup version 0.20.1-1-g8b1a95d (webtiles) character file.

1177 Irenicus the Martial Artist (level 8, 0/52 HPs)
             Began as an Octopode Chaos Knight on Oct 13, 2017.
             Slain by a centaur (2 damage)
             ... on level 6 of the Dungeon.
             The game lasted 00:10:52 (4628 turns).

Irenicus the Martial Artist (Octopode Chaos Knight) Turns: 4628, Time: 00:10:53

Health: 0/52       AC:  2    Str: 15 (16) XL:     8   Next: 41%
Magic:  0/8        EV: 14    Int: 12 (14) God:    Xom [*.....]
Gold:   215        SH:  0    Dex: 13 (14) Spells: 7/7 levels left

rFire    . . .     SeeInvis .     - Unarmed
rCold    . . .     Gourm    .   (no shield)
rNeg     . . .     Faith    .   (helmet restricted)
rPois    +         Spirit   +   x - amulet of guardian spirit
rElec    .         Reflect  .   m - ring of resist corrosion
rCorr    +         Harm     .   n - ring of poison resistance
MR       .....     Clarity  +   o - ring of stealth
Stlth    +++++.....             (no ring)
Regen    0.2/turn               (no ring)
MPRegen  0.2/turn               (no ring)
                                (no ring)
                                (no ring)

@: mighty, hasted, very quick
A: almost no armour, stealthy swim, amphibious, 8 rings, constrict 8, camouflage
1, clarity, shaggy fur 1, gelatinous body 1
a: Renounce Religion


You were on level 6 of the Dungeon.
You worshipped Xom.
You were a special plaything of Xom.
You were hungry.

You visited 1 branch of the dungeon, and saw 6 of its levels.

You collected 215 gold pieces.

Inventory:

Jewellery
 h - an uncursed amulet of faith
 m - a ring of resist corrosion (left tentacle)
 n - a ring of poison resistance (right tentacle)
 o - a ring of stealth (on tentacle)
 x - an amulet of guardian spirit (around mantle)
Wands
 y - a wand of confusion (22/48)
Scrolls
 c - 4 scrolls of identify
 e - a scroll of magic mapping {unknown}
 f - 4 scrolls of remove curse
 l - 3 scrolls of teleportation {unknown}
 p - 2 scrolls of amnesia {unknown}
 r - a scroll of fog {unknown}
 v - a scroll of immolation {unknown}
Potions
 b - 2 potions of degeneration
 g - 4 potions of curing
 q - 2 potions of haste
 s - a potion of mutation
 t - a potion of brilliance {unknown}
 z - a potion of cancellation {unknown}
Books
 u - a book of Maledictions

   Spells                             Type                      Level
   a - Corona                         Hexes                        1
   b - Ensorcelled Hibernation        Hexes/Ice                    2
   c - Confuse                        Hexes                        3
   d - Tukima's Dance                 Hexes                        3
   e - Dazzling Spray                 Conjuration/Hexes            3
 w - a book of Geomancy

   Spells                             Type                      Level
   a - Sandblast                      Earth                        1
   b - Passwall                       Transmutation/Earth          2
   c - Stone Arrow                    Conjuration/Earth            3
   d - Petrify                        Transmutation/Earth          4
   e - Lee's Rapid Deconstruction     Earth                        5
Comestibles
 a - 3 bread rations
 i - 2 royal jellies
 j - 6 fruits
 k - 3 meat rations


   Skills:
 - Level 3.0 Fighting
 + Level 3.2 Dodging
 - Level 5.1 Stealth
 + Level 9.2 Unarmed Combat


You had 7 spell levels left.
You didn't know any spells.

Dungeon Overview and Level Annotations

Branches:
Dungeon (6/15)
 Temple: D:4-7

Altars:
Xom


Innate Abilities, Weirdness & Mutations

You cannot wear most types of armour.
You are very stealthy in the water. (Stealth+)
You are amphibious.
You can wear up to eight rings at the same time.
You can use your tentacles to constrict eight enemies at once.
Your skin changes colour to match your surroundings (Stealth+).
Your rubbery body absorbs attacks. (AC +1, EV +1)
You possess an exceptional clarity of mind.
You are covered in fur. (AC +1)


Message History

It was a potion of might.
You feel very mighty all of a sudden. The centaur barely misses you.
The orc wizard casts a spell.
The orc wizard seems to speed up.
The orc shouts!
You hear a shout!
You bludgeon the orc wizard! You grab the orc wizard.
The orc wizard is severely wounded.
You constrict the orc wizard, but do no damage. "The weather's been a little too boring around here."
The centaur barely misses you.
You bludgeon the orc wizard!
You kill the orc wizard!
An orc priest comes into view. It is wielding a flail.
The orc priest mumbles some strange prayers to Beogh against you.
Beogh smites you!
* * * LOW HITPOINT WARNING * * *
The centaur hits you.
You die...
Xom chuckles heartily!

#. #.
##..#######..
.##.._#......(.
....o§.<#
...##._§##
###Oc## ##c§#
#@§w_...$.
#o..§§§§.####
#.##/.._.# ..
##..#... ##
_.####.# ### .#
.


You could see an ogre, 2 centaurs, a worm and an orc priest.

Vanquished Creatures
  Grinder (D:3)
  3 ogres
  A centaur (D:5)
  3 hounds (D:5)
  2 orc wizards
  Crazy Yiuf (D:2)
  An orc priest (D:5)
  4 iguanas
  5 worker ants
  7 gnolls (D:2)
  5 adders
  A shadow imp (D:5)
  An ooze (D:3)
  An adder skeleton (D:5)
  3 worms
  3 dart slugs (D:2)
  4 leopard geckos
  5 orcs
  3 giant cockroaches
  11 goblins
  7 hobgoblins
  8 jackals
  5 kobolds
  A quokka (D:4)
  8 bats
  5 frilled lizards
  4 rats
  A fungus (D:2)
104 creatures vanquished.

Notes
Turn   | Place    | Note
-------+----------+-------------------------------------------
     0 | D:1      | Irenicus the Octopode Chaos Knight began the quest for the Orb.
     0 | D:1      | Reached XP level 1. HP: 16/16 MP: 1/1
   121 | D:1      | XOM: harmless Fire miscast
   217 | D:1      | Reached XP level 2. HP: 18/21 MP: 2/2
   626 | D:1      | XOM: cloud trail
   759 | D:1      | Reached skill level 4 in Unarmed Combat
   929 | D:2      | XOM: polymorph bat -> goblin
   932 | D:2      | Reached XP level 3. HP: 26/26 MP: 3/3
  1146 | D:2      | Reached XP level 4. HP: 24/31 MP: 4/4
  1204 | D:2      | Reached skill level 5 in Unarmed Combat
  1494 | D:2      | XOM: silly message
  1549 | D:2      | XOM: smoke on damage
  1702 | D:2      | XOM: blink monster(s)
  1741 | D:2      | Reached skill level 1 in Stealth
  1741 | D:2      | Reached XP level 5. HP: 30/36 MP: 5/5
  1827 | D:2      | XOM: 1-stop teleportation journey
  1877 | D:2      | Noticed Sigmund
  1881 | D:2      | XOM: enchant monster (bad)
  1882 | D:2      | Noticed Sigmund
  1882 | D:2      | Sigmund changed into Sigmund the worker ant
  1882 | D:2      | XOM: polymorph Sigmund -> Sigmund the worker ant
  1890 | D:2      | Killed Sigmund the worker ant
  1913 | D:2      | Found a runed door.
  1953 | D:2      | Noticed Crazy Yiuf
  1960 | D:2      | XOM: summons friendly quasit
  1960 | D:2      | HP: 1/36 [Crazy Yiuf/quarterstaff of chaos (11)]
  1966 | D:2      | Killed Crazy Yiuf
  2073 | D:3      | Noticed Grinder
  2226 | D:3      | Killed Grinder
  2226 | D:3      | Reached skill level 6 in Unarmed Combat
  2226 | D:3      | Reached XP level 6. HP: 20/42 MP: 6/6
  2443 | D:3      | XOM: mild Tmut miscast
  2472 | D:3      | XOM: summons 3 hostile shadow creatures
  2572 | D:3      | XOM: stat loss: -1 Int (13/14)
  2686 | D:3      | Reached skill level 7 in Unarmed Combat
  2713 | D:3      | Reached XP level 7. HP: 46/46 MP: 7/7
  3125 | D:4      | Reached skill level 5 in Stealth
  3424 | D:5      | Entered Level 5 of the Dungeon
  3546 | D:5      | Reached skill level 8 in Unarmed Combat
  3609 | D:5      | Reached XP level 8. HP: 29/52 MP: 8/8
  3763 | D:5      | XOM: fake destruction
  3958 | D:5      | XOM: medium Hex miscast
  4039 | D:5      | Reached skill level 9 in Unarmed Combat
  4614 | D:6      | XOM: noise
  4617 | D:6      | XOM: give mutations
  4617 | D:6      | Gained mutation: Scrolls take you a little longer to read. [Xom's mischief]
  4617 | D:6      | Gained mutation: You are frail. (-10% HP) [Xom's mischief]
  4623 | D:6      | Lost mutation: You are frail. (-10% HP) [potion of mutation]
  4623 | D:6      | Lost mutation: Scrolls take you a little longer to read. [potion of mutation]
  4623 | D:6      | Gained mutation: You are covered in fur. (AC +1) [potion of mutation]
  4623 | D:6      | Gained mutation: You possess an exceptional clarity of mind. [potion of mutation]
  4624 | D:6      | XOM: scenery: create altars
  4626 | D:6      | XOM: fog
  4628 | D:6      | HP: 2/52 [orc priest/divine providence (12)]
  4628 | D:6      | Slain by a centaur

Skill      XL: |  1  2  3  4  5  6  7  8 |
---------------+-------------------------+-----
Unarmed Combat | 4 5 6 7 8 9 |  9.2
Stealth        | 1 3 4 5 |  5.1
Dodging        | 3 |  3.2
Fighting       | |  3.0

Action                   |  1- 3 |  4- 6 |  7- 9 || total
-------------------------+-------+-------+-------++-------
Melee: Unarmed           |    56 |   112 |   110 ||   278
       Constrict         |    18 |    28 |    20 ||    66
       Tentacles         |    13 |    19 |    12 ||    44
       Punch             |       |     6 |     4 ||    10
  Use: Potion            |       |     2 |     4 ||     6
       Scroll            |       |     2 |       ||     2
 Stab: Sleeping          |     3 |    12 |    12 ||    27
  Eat: Chunk             |     1 |     5 |     5 ||    11
Armor: Skin              |       |     6 |     1 ||     7
Dodge: Dodged            |    29 |    53 |    67 ||   149
